 Dungeon Crawl Stone Soup version 0.18-a0-1577-gf591c28 (webtiles) character file.

2806 ithil the Protected (level 9, -2/80 HPs)
             Began as a Minotaur Fighter on Mar 19, 2016.
             Killed by divine providence
             ... invoked by an orc priest
              (11 damage)
             ... on level 8 of the Dungeon.
             The game lasted 00:35:22 (6005 turns).

ithil the Protected (Minotaur Fighter)              Turns: 6005, Time: 00:35:23

Health: -2/80      AC: 12    Str: 22    XL:     9   Next: 44%
Magic:  8/8        EV:  8    Int:  5    God:
Gold:   297        SH: 11    Dex: 12    Spells: 0 memorised, 8 levels left

rFire  + . .     SeeInvis .     a - +1 war axe
rCold  . . .     Gourm    .     F - +0 chain mail
rNeg   + . .     Faith    .     c - +0 shield
rPois  .         Spirit   .     (helmet restricted)
rElec  .         Dismiss  .     (no cloak)
rCorr  .         Reflect  .     q - +0 pair of gloves
SustAt .         Harm     .     (no boots)
MR     .....                    (no amulet)
Stlth  ..........               u - ring of protection from fire
                                o - ring of positive energy

@: not resistant to hostile enchantments, extremely unstealthy
A: retaliatory headbutt, horns 2
a: no special abilities


You were on level 8 of the Dungeon.
You were not hungry.

You visited 2 branches of the dungeon, and saw 9 of its levels.

You collected 297 gold pieces.

Inventory:

Hand Weapons
 a - a +1 war axe (weapon)
 i - a +0 hunting sling
 H - a +0 whip of flaming
 O - a +2 whip of holy wrath
Missiles
 j - 359 stones (quivered)
Armour
 c - a +0 shield (worn)
 q - a +0 pair of gloves (worn)
 F - a +0 chain mail (worn)
Jewellery
 o - a ring of positive energy (left hand)
 r - a +4 ring of protection {unknown}
 u - a ring of protection from fire (right hand)
 x - an uncursed ring of ice {unknown}
 D - an uncursed ring of wizardry
 E - an uncursed ring of see invisible
 L - a +4 ring of protection {unknown}
Wands
 b - a wand of slowing (16/48)
 G - a wand of hasting (4/9)
Scrolls
 e - 3 scrolls of enchant armour {unknown}
 k - 2 scrolls of enchant weapon
 l - 2 scrolls of identify
 s - 2 scrolls of teleportation
 w - a scroll of amnesia {unknown}
 y - 2 scrolls of remove curse
 C - 3 scrolls of immolation
 P - a scroll of recharging {unknown}
Potions
 d - 3 potions of might
 h - a potion of beneficial mutation {unknown}
 n - 3 potions of degeneration {unknown}
 p - 3 potions of flight
 t - 4 potions of curing {unknown}
 v - a potion of lignification {unknown}
 A - a potion of resistance {unknown}
 B - a potion of agility {unknown}
 I - a potion of cure mutation {unknown}
 N - a potion of heal wounds {unknown}
Books
 z - a book of Changes

   Spells                             Type                      Level
   a - Beastly Appendage              Transmutation                1
   b - Sticks to Snakes               Transmutation                2
   c - Spider Form                    Transmutation/Poison         3
   d - Ice Form                       Ice/Transmutation            4
   e - Blade Hands                    Transmutation                5
 J - a book of Callings

   Spells                             Type                      Level
   a - Summon Small Mammal            Summoning                    1
   b - Call Imp                       Summoning                    2
   c - Call Canine Familiar           Summoning                    3
   d - Summon Guardian Golem          Hexes/Summoning              3
   e - Summon Lightning Spire         Summoning/Air                4
   f - Summon Ice Beast               Ice/Summoning                4
Comestibles
 f - 2 bread rations
 g - a fruit
 m - 2 meat rations
 K - 19 chunks of flesh
 M - a slice of pizza


   Skills:
 + Level 7.7 Fighting
 + Level 7.8 Axes
 + Level 0.8 Throwing
 + Level 8.4 Armour
 + Level 4.2 Dodging
 + Level 1.0 Stealth
 + Level 8.3 Shields


You had 8 spell levels left.
You didn't know any spells.

Dungeon Overview and Level Annotations

Branches:
Dungeon (8/15)             Temple (1/1) D:6
   Lair: D:8-11

Altars:
Ashenzari
Cheibriados
Dithmenos
Elyvilon
Fedhas
Gozag
Makhleb
Nemelex Xobeh
Okawaru
Pakellas
Qazlal
Ru
Sif Muna
Vehumet
Xom
Yredelemnul
Zin
The Shining One

Shops:
D:8 *


Innate Abilities, Weirdness & Mutations

You reflexively headbutt those who attack you in melee.
You have a pair of horns on your head.


Message History

You closely miss the orc warrior. Your headbutt misses the orc warrior.
You closely miss the orc priest.
The orc warrior hits you with a short sword.
The orc priest completely misses you. You furiously retaliate!
You headbutt the orc priest! You closely miss the orc warrior.
You hit the orc priest.
The orc priest is severely wounded.
The orc warrior hits you with a short sword!
* * * LOW HITPOINT WARNING * * *
The orc priest hits you with a club.
* * * LOW HITPOINT WARNING * * *
You hit the orc warrior. You headbutt the orc warrior.
The orc warrior is moderately wounded.
You barely miss the orc priest.
The orc priest is severely wounded.
The orc warrior hits you with a short sword!
* * * LOW HITPOINT WARNING * * *
The orc priest invokes the aid of Beogh against you.
Beogh smites you!
You die...

##########
#...@o..∩#
#...o).Z.#
#...........
#........#..
#........# .
#####...##
...# .....
....


You could see an orc warrior, an orc priest and an adder skeleton.

Vanquished Creatures
  Pikel (D:5)
  The ghost of Amnesiac the Charlatan, a novice KoAr (D:3)
  Sigmund (D:5)
  4 wargs (D:8)
  A phantom (D:4)
  4 slaves (D:5)
  3 ogres
  2 centaurs
  Blork the orc (D:6)
  A giant frog (D:8)
  A crimson imp (D:7)
  A hound (D:7)
  3 jellies
  8 orc priests
  Crazy Yiuf (D:4)
  A giant frog skeleton (D:4)
  5 orc wizards
  3 worker ants
  4 adders
  3 gnolls (D:4)
  A shadow imp (D:4)
  An adder skeleton (D:5)
  2 dart slugs (D:1)
  3 giant geckos
  33 orcs
  8 bats
  8 giant cockroaches
  4 goblins
  8 hobgoblins
  2 quokkas
  A giant gecko skeleton (D:5)
  7 giant newts
  A jackal skeleton (D:5)
  11 kobolds
  A quokka skeleton (D:6)
  2 rats
142 creatures vanquished.

Notes
Turn   | Place    | Note
--------------------------------------------------------------
     0 | D:1      | ithil the Minotaur Fighter began the quest for the Orb.
     0 | D:1      | Reached XP level 1. HP: 19/19 MP: 0/0
   181 | D:1      | Reached XP level 2. HP: 24/27 MP: 1/1
   448 | D:1      | Reached XP level 3. HP: 33/33 MP: 2/2
  1482 | D:2      | Found a faded altar to an unknown god.
  1691 | D:3      | Noticed Amnesiac's ghost (novice KoAr)
  1731 | D:3      | Killed Amnesiac's ghost
  1731 | D:3      | Reached skill level 5 in Armour
  1731 | D:3      | Reached skill level 5 in Shields
  1731 | D:3      | Reached XP level 4. HP: 9/41 MP: 3/3
  1731 | D:3      | Reached XP level 5. HP: 10/47 MP: 4/4
  1731 | D:3      | Reached XP level 6. HP: 11/53 MP: 5/5
  1989 | D:3      | Found a shattered altar of Ashenzari.
  2694 | D:4      | Reached skill level 5 in Fighting
  2694 | D:4      | Reached XP level 7. HP: 53/61 MP: 6/6
  2720 | D:4      | Found an opulent altar of Gozag.
  2898 | D:4      | Noticed Crazy Yiuf
  2905 | D:4      | Killed Crazy Yiuf
  3242 | D:4      | Reached skill level 5 in Axes
  3673 | D:5      | Entered Level 5 of the Dungeon
  4117 | D:5      | Noticed Pikel
  4165 | D:5      | Killed Pikel
  4165 | D:5      | Reached XP level 8. HP: 33/70 MP: 7/7
  4335 | D:5      | Noticed Sigmund
  4359 | D:5      | Killed Sigmund
  4719 | D:6      | Noticed Blork the orc
  4725 | D:6      | Killed Blork the orc
  4994 | D:6      | Found a staircase to the Ecumenical Temple.
  5000 | Temple   | Entered the Ecumenical Temple
  5576 | D:7      | Reached XP level 9. HP: 74/79 MP: 8/8
  5921 | D:8      | Reached skill level 1 in Stealth
  5994 | D:8      | Found Loih's Assorted Antiques.
  6005 | D:8      | Killed from afar by an orc priest

Vault maps used:
D:1:      dpeg_arrival_more_subterranean_lakeside_camping
D:2:      ecumenical_altar_1
D:3:      first_bread, nicolae_ashenzari_panopticon
D:4:      serial_bayou_pond_e, grunt_gozag_breadcrumbs, uniq_crazy_yiuf_cottage
D:5:      due_unseen_surprise, uniq_sigmund, uniq_pikel
D:6:      minmay_temple_entry_hall, uniq_blork_the_orc
D:8:      lemuel_castle_with_subvaults, serial_shops, shop, hangedman_ranch,
          item_on_display_a
Temple:   nicolae_temple_no_exploring_needed

Skill      XL: |  1  2  3  4  5  6  7  8  9 |
---------------+----------------------------+-----
Shields        | 4 5 6 7 8 |  8.3
Armour         | 4 5 6 7 8 |  8.4
Axes           | 3 4 6 7 |  7.8
Fighting       | 4 5 7 |  7.7
Dodging        | 2 3 4 |  4.2
Stealth        | 1 |  1.0
Throwing       | |  0.8

Action                   |  1- 3 |  4- 6 |  7- 9 || total
-------------------------+-------+-------+-------++-------
Melee: War axe           |   123 |    71 |   235 ||   429
Throw: Stone             |     2 |     3 |     9 ||    14
  Use: Scroll            |     1 |     4 |     8 ||    13
       Potion            |       |     2 |       ||     2
  Eat: Chunk             |     2 |       |     3 ||     5
       Meat ration       |     1 |       |       ||     1
       Bread ration      |       |       |     1 ||     1
       Beef jerky        |       |       |     1 ||     1
       Fruit             |       |       |     1 ||     1
